 Dungeon Crawl Stone Soup version 0.25-a0-1119-g28b6fd0 (webtiles) character file.

Game seed: 5676621788619909776, levelgen mode: deterministic

493891 Faca the Slayer (level 23, -6/225 HPs)
             Began as a Green Draconian Berserker on May 18, 2020.
             Was the Champion of Trog.
             Mangled by a deep elf knight
             ... wielding a +0 scimitar
              (9 damage)
             ... on level 1 of the Elven Halls.
             The game lasted 02:13:55 (85998 turns).

Faca the Slayer (Green Draconian Berserker)        Turns: 85998, Time: 02:13:55

Health: -6/225     AC: 18    Str: 32    XL:     23   Next: 92%
Magic:  23/23      EV: 24    Int:  8    God:    Trog [******]
Gold:   1495       SH: 31    Dex: 15    Spells: 22/22 levels left

rFire    + . .     SeeInvis .   c - +9 demon whip (vorpal)
rCold    . . .     Gourm    .   B - +2 tower shield
rNeg     . . .     Faith    .   (armour unavailable)
rPois    +         Spirit   .   G - +0 hat
rElec    .         Reflect  +   u - +2 cloak
rCorr    .         Harm     .   o - +0 pair of gloves {archery}
MR       ++...                  P - +2 pair of boots {run}
Stlth    +.........             d - amulet of reflection
HPRegen  0.47/turn              q - ring of protection from magic
MPRegen  0.18/turn              n - ring "Inacyodot" {rF+ Str+4 Dex+3}

@: about to teleport, quick
A: breathe noxious fumes, unfitting armour, stinger 1, poison resistance,
cold-blooded, AC +11
}: 2/15 runes: decaying, serpentine
a: Breathe Noxious Fumes, Berserk, Trog's Hand, Brothers in Arms, Renounce
Religion


You were on level 1 of the Elven Halls.
You worshipped Trog.
Trog was exalted by your worship.
You were not hungry.

You visited 8 branches of the dungeon, and saw 41 of its levels.
You also visited: Bailey, Gauntlet and Ice Cave.

You collected 4943 gold pieces.
You spent 3448 gold pieces at shops.

Inventory:

Hand Weapons
 c - a +9 vorpal demon whip (weapon)
Missiles
 h - 4 silver javelins
 p - 77 boomerangs
 M - 20 javelins (quivered)
Armour
 o - a +0 pair of gloves of archery (worn)
 u - a +2 cloak (worn)
 B - a +2 tower shield (worn)
 G - a +0 hat (worn)
 P - a +2 pair of boots of running (worn)
Jewellery
 d - an amulet of reflection (around neck)
 n - the ring "Inacyodot" (right hand) {rF+ Str+4 Dex+3}
   (You bought it in a shop on level 2 of the Vaults)

   [ring of protection from fire]

   It affects your strength (+4).
   It affects your dexterity (+3).
   It protects you from fire.
 q - a ring of protection from magic (left hand)
 r - an uncursed ring of protection from cold
 x - an uncursed ring of protection from cold
 R - an uncursed ring of resist corrosion
 U - an uncursed ring of see invisible
Wands
 t - a wand of digging (17)
Scrolls
 i - 9 scrolls of magic mapping
 j - 28 scrolls of remove curse
 l - 8 scrolls of immolation
 s - 4 scrolls of holy word
 v - 2 scrolls of blinking
 y - 23 scrolls of identify
 z - 3 scrolls of fog
 A - 2 scrolls of silence
 E - 6 scrolls of enchant armour
 I - 2 scrolls of torment
 J - a scroll of fear
 K - 13 scrolls of teleportation
 O - 2 scrolls of enchant weapon
Potions
 e - 2 potions of cancellation
 f - 10 potions of flight
 g - 7 potions of curing
 k - 6 potions of lignification
 m - 10 potions of haste
 w - 6 potions of mutation
 C - 3 potions of berserk rage
 D - a potion of ambrosia
 F - 3 potions of might
 H - 4 potions of resistance
 L - a potion of invisibility
Comestibles
 a - 2 chunks of flesh
 b - 72 rations


   Skills:
 + Level 22.8 Fighting
 + Level 22.3 Maces & Flails
 + Level 15.0 Throwing
 + Level 17.9 Dodging
 + Level 18.6 Shields


You had 22 spell levels left.
You didn't know any spells.
Your spell library was empty.

Dungeon Overview and Level Annotations

Branches:
Dungeon (15/15)            Temple (0/1) D:5            Lair (6/6) D:11
  Swamp (4/4) Lair:2        Snake (4/4) Lair:3        Slime (0/5) Lair:5
    Orc (2/2) D:9             Elf (1/3) Orc:2        Vaults (4/5) D:13
  Crypt (0/3) Vaults:3     Depths (5/5) D:15            Zot (0/5) Depths:5
 Bailey (visited)           IceCv (visited)         Gauntlet (visited)

Altars:
Ashenzari
Elyvilon
Qazlal
Trog
Vehumet
Xom
Yredelemnul
The Shining One
Beogh
Jiyva

Shops:
D:6 :   D:14 (   Orc:2 *(:(   Snake:3 ?   Vaults:2 ==?   Vaults:4 }
Depths:4 }=}

Portals:
Hell: Depths:1 Depths:2 Depths:3 Depths:4 Depths:5
Abyss: Depths:4
Pandemonium: Depths:3
Ziggurat: Depths:4

Annotations:
Snake:4 exclusion: Roxanne, Roxanne
Depths:1 2 runed translucent doors, Foxy's ghost, adept DsFi


Innate Abilities, Weirdness & Mutations

You can breathe blasts of noxious fumes.
Your lurid green scales are hard. (AC +11)
You cannot fit into any form of body armour.
Your tail ends in a poisonous barb.
Your system is resistant to poisons. (rPois)
You are cold-blooded and may be slowed by cold attacks.


Message History

The deep elf high priest prays to its god.
The corpses meld into an agglomeration of writhing flesh!
The deep elf archer blinks!
The +1 trident of venom hits you but does no damage.
The sixfirhy closely misses you. Something hits you but does no damage.
The neqoxec gestures.
The deep elf mage casts a spell.
The deep elf mage blinks!
The Executioner misses you. You block the Executioner's attack.
The Executioner completely misses you.
A small abomination comes into view.
You feel better. You block the sixfirhy's attack. x2
You block the Executioner's attack. The Executioner completely misses you.
The Executioner hits you.
* * * LOW HITPOINT WARNING * * *
You block the +1 trident of venom's attack.
The Executioner hits you!
* * * LOW HITPOINT WARNING * * *
The Executioner hits you.
* * * LOW HITPOINT WARNING * * *
The Executioner closely misses you. Something hits you!
You die...

#.. ##.........##
# .## #.........#
# #........##
..######........#
...............##
# ########.#.#####
#88#88####....##
...sxoe{##.....#
..3ee(1@*x....#.#
#4s#o)#3#....###..
# .3ee.xe#...## #.
## 5$s1soe.##.##
.## #.3#oo##e...
).# ...... ..#..
..### ......
.###.. ()..# 88#8
..#.##. (####
###########...#


You could see an Ice Fiend (summoned), an Executioner (summoned, fast), a soul
eater (summoned), a demonic crawler (summoned), an orc high priest, 2 deep elf
demonologists, 3 deep elf archers, a deep elf high priest (brilliance aura), 2
deep elf magi, 2 sixfirhies, a neqoxec (summoned), a chaos spawn (summoned), an
orc warrior, 2 redbacks, 2 small abominations, an iron imp (summoned), a +1
trident of venom, an orc priest, a battlesphere, 2 orcs and a crawling corpse.

Vanquished Creatures
  A juggernaut (Depths:2)
  Vashnia (Snake:2)
  Xtahua (Vaults:3)
  A caustic shrike (Depths:1)
  A golden dragon (Depths:4)
  Nikola (Swamp:1)
  A bone dragon (Depths:5)
  the Enchantress (Depths:2)
  3 tentacled monstrosities
  2 liches
  A quicksilver dragon (Depths:2)
  5 sphinxes
  Gastronok (Lair:1)
  The ghost of Vul Waen the Geomancer, a journeyman DDEE of Makhleb (D:13)
  3 thorn hunters
  4 tengu reavers
  Agnes (D:15)
  Donald (Swamp:1)
  2 storm dragons
  2 shadow dragons (Depths:2)
  A revenant (Vaults:3)
  12 nagarajas
  A deep elf sorcerer (Vaults:4)
  6 frost giants
  6 fire giants
  A frost giant (shapeshifter) (Depths:2)
  An orc warlord (Vaults:3)
  Aizul (Snake:4)
  2 iron dragons (Depths:2)
  7 vault wardens
  3 spriggan defenders (Depths:2)
  A draconian annihilator (Depths:5)
  14 ironheart preservers
  22 stone giants
  13 very ugly things
  A green draconian (Depths:5)
  A deep elf annihilator (Vaults:2)
  A deep elf demonologist (Vaults:4)
  An entropy weaver (Vaults:3)
  A lorocyproca (Depths:3)
  A minotaur (Gauntlet)
  2 purple draconians (Depths:5)
  5 vampire knights
  A black draconian (Depths:5)
  The ghost of dillytodds the Grappler, a journeyman TrHu of Okawaru (D:12)
  8 ettins
  6 spark wasps
  3 deep elf death magi
  15 fire dragons
  13 yaktaur captains
  2 merfolk impalers
  12 great orbs of eyes
  Josephine (Swamp:1)
  The ghost of kaikaun the Bludgeoner, a journeyman MiBe of Trog (Lair:2)
  8 vault guards
  7 rakshasas
  11 ice dragons
  27 hydras
  A ghost crab (Swamp:1)
  14 naga warriors
  2 shambling mangroves (Swamp:4)
  2 catoblepae
  6 spriggan air magi
  17 anacondas
  14 ogre magi
  18 centaur warriors
  12 deep troll earth magi
  6 deep troll shamans
  A death knight (Vaults:3)
  14 alligators
  46 two-headed ogres
  7 orc high priests
  2 vampire magi
  13 spriggan berserkers
  6 death yaks (Lair:3)
  10 tengu warriors
  5 dancing weapons
  9 shock serpents
  21 naga sharpshooters
  A shock serpent (shapeshifter) (Depths:5)
  3 iron trolls
  12 spriggans
  Nergalle (D:10)
  6 salamander mystics
  A storm dragon skeleton (Vaults:1)
  9 deep elf knights
  A fire crab (shapeshifter) (Depths:5)
  3 skeletal warriors
  A small abomination (Vaults:2)
  2 spriggan druids (Swamp:3)
  A shadow wraith (Vaults:3)
  6 hell knights
  A deep troll (shapeshifter) (Vaults:2)
  An unseen horror (D:11)
  12 ironbrand convokers
  47 deep trolls
  A torturous demonspawn (Depths:3)
  3 glowing orange brains
  4 flayed ghosts
  3 naga ritualists
  26 orc knights
  10 swamp dragons
  6 wizards
  10 deep elf archers
  Pikel (D:5)
  5 harpies
  A tengu zombie (Vaults:3)
  A lindwurm (shapeshifter) (Vaults:4)
  6 necromancers
  20 deep elf magi
  5 mana vipers
  A frost giant zombie (Vaults:3)
  4 oklob plants (Lair:3)
  2 wolf spiders
  3 human zombies (Vaults:3)
  4 orc sorcerers
  38 ugly things
  13 cyclopes
  11 salamanders
  6 manticores
  An elephant (shapeshifter) (Vaults:3)
  11 elephants
  3 ice statues (IceCv)
  A guardian serpent (shapeshifter) (Vaults:2)
  27 black mambas
  A salamander (shapeshifter) (D:13)
  Joseph (D:8)
  A human skeleton (Vaults:3)
  4 gargoyles
  10 guardian serpents
  21 naga magi
  A spiny frog (shapeshifter) (Vaults:4)
  6 vault sentinels
  19 spiny frogs
  A torpor snail (Gauntlet)
  5 centaur skeletons
  4 rime drakes
  Maggie (D:7)
  4 kobold demonologists
  2 efreet (D:14)
  A rime drake (shapeshifter) (Vaults:1)
  10 freezing wraiths
  10 komodo dragons
  A redback zombie (D:15)
  2 ice devils (Depths:3)
  55 yaktaurs
  A yaktaur skeleton (Vaults:1)
  A merfolk (shapeshifter) (Vaults:3)
  5 tengu conjurers
  A queen bee (Depths:2)
  6 trolls
  10 polar bears
  Grinder (D:4)
  3 meliai (D:13)
  8 tyrant leeches
  18 hornets
  11 blink frogs
  An ettin zombie (Vaults:3)
  5 raiju (Lair:6)
  45 slime creatures
  2 dream sheep (D:8)
  Prince Ribbit (D:6)
  A stone giant simulacrum (Vaults:3)
  6 hippogriffs
  10 bog bodies
  An ice dragon zombie (Depths:1)
  A centaur simulacrum (D:14)
  14 water elementals
  A fire giant simulacrum (Depths:1)
  40 yaks
  An air elemental (Elf:1)
  A vampire (D:14)
  2 ettin skeletons
  5 wyverns
  9 wraiths
  3 shadows
  3 fire elementals (Elf:1)
  4 fire bats (Depths:4)
  4 basilisks
  A spectral komodo dragon (Lair:2)
  2 hungry ghosts
  Grum (D:9)
  A human (D:8)
  24 vampire mosquitoes
  Edmund (D:3)
  13 swamp worms
  A death yak simulacrum (Lair:2)
  13 insubstantial wisps
  68 nagas
  13 wargs
  A spectral spiny frog (Lair:2)
  A soldier ant (D:11)
  A soldier ant (shapeshifter) (Depths:3)
  2 floating eyes
  13 hell hounds
  12 water moccasins
  2 acid dragons
  12 swamp drakes
  4 porcupines
  2 eyes of draining
  20 ice beasts
  57 orc warriors
  14 black bears
  2 phantoms (D:8)
  4 sky beasts
  39 ogres
  A black bear (shapeshifter) (Depths:1)
  25 wolves
  A black mamba simulacrum (Lair:2)
  A fire dragon simulacrum (Depths:1)
  15 boggarts
  21 centaurs
  A tengu (shapeshifter) (D:14)
  9 crocodiles
  6 big kobolds
  11 bullfrogs
  Blork the orc (D:5)
  A glowing shapeshifter simulacrum (Vaults:3)
  A deep troll simulacrum (Vaults:1)
  A spiny frog simulacrum (Lair:2)
  2 wyvern skeletons
  2 scorpions (D:9)
  25 killer bees
  A dream sheep simulacrum (Lair:2)
  An orc simulacrum (Vaults:1)
  12 wights
  3 howler monkeys
  2 electric eels (Lair:5)
  6 crimson imps
  4 bullfrog zombies
  4 jellies
  7 hounds
  5 centaur zombies
  24 orc priests
  25 orc wizards
  3 bullfrog skeletons
  3 iguanas
  Natasha (thrice) (D:3)
  14 worker ants
  2 hound skeletons
  2 worker ant zombies (D:9)
  Robin (D:2)
  10 gnolls
  23 adders
  A river rat (Bailey)
  2 shadow imps
  An ooze (D:6)
  6 worms
  2 dart slugs
  5 leopard geckos
  89 orcs
  6 bats
  3 giant cockroaches
  25 goblins
  14 hobgoblins
  10 jackals
  14 kobolds
  A quokka (D:2)
  5 ball pythons
  4 frilled lizards
  A goblin zombie (D:8)
  A leopard gecko zombie (D:6)
  A quokka skeleton (D:9)
  A quokka zombie (D:5)
  11 rats
  4 briar patches (Swamp:4)
  A fungus (Lair:2)
  A plant (Depths:1)
2012 creatures vanquished.

Vanquished Creatures (collateral kills)
  Saint Roka (Snake:4)
  A vault warden (Vaults:1)
  A spriggan defender (Depths:2)
  A rakshasa (Depths:2)
  A vault guard (Vaults:1)
  2 spriggan air magi (Depths:2)
  A centaur warrior (Vaults:1)
  A naga ritualist (Snake:4)
  A troll (Vaults:1)
  A hornet (Depths:2)
  3 spriggans (Depths:2)
  A warg (Snake:4)
  An orc warrior (Snake:4)
  7 orcs
23 creatures vanquished.

Vanquished Creatures (others)
  A yaktaur captain (Depths:5)
  An anaconda (Snake:4)
  A deep elf knight (Vaults:1)
  An unseen horror (Vaults:1)
  A spectral hydra (Lair:2)
  A salamander (Snake:2)
  A guardian serpent (Snake:4)
  A naga mage (Snake:4)
  A yaktaur (Vaults:2)
  A spriggan (Depths:2)
  A centaur simulacrum (D:14)
  A naga (Snake:2)
  A swamp drake (Swamp:2)
  3 orc warriors (Vaults:3)
  2 centaurs
  A worker ant (D:5)
  A howler monkey zombie (D:5)
  An orc (Vaults:1)
  A jackal (D:5)
  A quokka (D:10)
  5 briar patches (Swamp:4)
  4 fungi (Lair:3)
  14 plants
46 creatures vanquished.

Grand Total: 2081 creatures vanquished

Notes
Turn   | Place    | Note
-------+----------+-------------------------------------------
     0 | D:1      | Faca the Draconian Berserker began the quest for the Orb.
     0 | D:1      | Reached XP level 1. HP: 19/19 MP: 1/1
   188 | D:1      | Reached XP level 2. HP: 26/26 MP: 2/2
   719 | D:1      | Reached XP level 3. HP: 33/33 MP: 3/3
  1267 | D:2      | Reached XP level 4. HP: 31/41 MP: 4/4
  1700 | D:2      | Reached ** piety under Trog
  1765 | D:2      | Found a stormy altar of Qazlal.
  1841 | D:2      | Noticed Robin
  1861 | D:2      | Killed Robin
  2102 | D:2      | Reached skill level 5 in Fighting
  2157 | D:2      | Reached XP level 5. HP: 45/48 MP: 5/5
  2610 | D:3      | Reached *** piety under Trog
  3017 | D:3      | Reached skill level 5 in Maces & Flails
  3099 | D:3      | Reached XP level 6. HP: 39/57 MP: 6/6
  3448 | D:3      | Noticed Natasha
  3461 | D:3      | Killed Natasha
  3667 | D:3      | Noticed Natasha
  3678 | D:3      | Killed Natasha
  3868 | D:3      | Noticed Natasha
  3876 | D:3      | Killed Natasha
  4334 | D:4      | Noticed Grinder
  4345 | D:4      | Killed Grinder
  4345 | D:4      | Your scales start taking on a lurid green colour.
  4345 | D:4      | Reached XP level 7. HP: 60/64 MP: 7/7
  4345 | D:4      | Gained mutation: Your system is resistant to poisons.
                  | (rPois) [Green Draconian growth]
  4571 | D:4      | Noticed Edmund
  4602 | D:3      | Killed Edmund
  5692 | D:5      | Entered Level 5 of the Dungeon
  5708 | D:5      | Reached XP level 8. HP: 74/74 MP: 8/8
  5710 | D:5      | Found a staircase to the Ecumenical Temple.
  5725 | D:5      | Noticed Pikel
  5746 | D:5      | Killed Pikel
  5746 | D:5      | Reached **** piety under Trog
  5977 | D:5      | Noticed Blork the orc
  5990 | D:5      | Killed Blork the orc
  6455 | D:6      | Noticed Prince Ribbit
  6482 | D:6      | Killed Prince Ribbit
  6482 | D:6      | Reached XP level 9. HP: 73/85 MP: 9/9
  6566 | D:6      | Reached skill level 10 in Fighting
  6958 | D:6      | Found Gabut's Book Emporium.
  7414 | D:7      | Noticed Maggie
  7419 | D:7      | Killed Maggie
  7419 | D:7      | Reached skill level 10 in Maces & Flails
  8086 | D:8      | Noticed Joseph
  8103 | D:8      | Killed Joseph
  8354 | D:8      | Reached XP level 10. HP: 78/96 MP: 10/10
  8597 | D:8      | Noticed a three-headed hydra
  8602 | D:8      | Killed a three-headed hydra
  8746 | D:8      | Noticed a two-headed ogre
  8752 | D:8      | Killed a two-headed ogre
  8814 | D:8      | Found a runed translucent door.
  8818 | D:8      | Found a basalt altar of Yredelemnul.
  8935 | D:8      | Reached ***** piety under Trog
  9478 | D:8      | Found a bloodstained altar of Trog.
  9624 | D:9      | Noticed Grum
  9640 | D:9      | Killed Grum
  9702 | D:9      | Found a flagged portal.
  9880 | Bailey   | Entered a bailey
 10336 | Bailey   | Reached XP level 11. HP: 92/106 MP: 11/11
 10359 | Bailey   | Noticed an orc high priest
 10361 | Bailey   | Found an iron altar of Okawaru.
 10376 | Bailey   | Killed an orc high priest
 10794 | Bailey   | Noticed an orc knight
 10808 | Bailey   | Killed an orc knight
 11211 | Bailey   | Got a polished mace
 11212 | Bailey   | Identified the +8 mace of Proximity {vamp, *Noise Int+7
                  | Dex+5} (You found it in a bailey)
 11280 | D:9      | Received a gift from Trog
 11605 | D:9      | Identified the +4 robe "Voawouz" {rElec Int+5}
 11687 | D:9      | Found a staircase to the Orcish Mines.
 11851 | D:10     | Entered Level 10 of the Dungeon
 11966 | D:10     | Noticed Nergalle
 11975 | D:10     | Reached skill level 5 in Dodging
 11986 | D:10     | Killed Nergalle
 12333 | D:10     | Found a white marble altar of Elyvilon.
 12444 | D:10     | Noticed a harpy
 12452 | D:10     | Killed a harpy
 12738 | D:10     | Reached skill level 1 in Shields
 13473 | D:11     | Received a gift from Trog
 13735 | D:11     | Killed an unseen horror
 13968 | D:11     | Found a staircase to the Lair.
 14823 | D:12     | Reached XP level 12. HP: 67/117 MP: 12/12
 16138 | D:12     | Found a runed translucent door.
 16140 | D:12     | Found a shimmering altar of Xom.
 16140 | D:12     | Noticed dillytodds's ghost (journeyman TrHu)
 16158 | D:12     | Noticed a six-headed hydra
 16166 | D:12     | Noticed a two-headed ogre
 16169 | D:12     | Killed a six-headed hydra
 16188 | D:12     | Killed a two-headed ogre
 16879 | D:12     | Received a gift from Trog
 17409 | D:12     | Reached skill level 5 in Shields
 17583 | D:12     | Noticed a five-headed hydra
 17595 | D:12     | Killed a five-headed hydra
 17921 | Lair:1   | Entered Level 1 of the Lair of Beasts
 17929 | Lair:1   | Noticed a six-headed hydra
 17936 | Lair:1   | Killed a six-headed hydra
 18559 | Lair:1   | Identified the Volume of Aerial Transmigration
 18960 | Lair:1   | Reached skill level 15 in Maces & Flails
 19425 | Lair:1   | Noticed Gastronok
 19437 | Lair:1   | Killed Gastronok
 19437 | Lair:1   | Reached XP level 13. HP: 114/125 MP: 13/13
 19847 | Lair:2   | Reached skill level 15 in Fighting
 19907 | Lair:2   | Found a frozen archway.
 19949 | IceCv    | Entered an ice cave
 21009 | IceCv    | Got a shimmering hunting sling
 21144 | Lair:2   | Found a runed translucent gate.
 21144 | Lair:2   | Found a runed translucent gate.
 21144 | Lair:2   | Found a runed translucent gate.
 21145 | Lair:2   | Noticed kaikaun's ghost (journeyman MiBe)
 21561 | Lair:2   | Found a staircase to the Swamp.
 22554 | Lair:3   | Reached ****** piety under Trog
 23371 | Lair:3   | Received a gift from Trog
 23385 | Lair:3   | HP: 9/192 [death yak (5)]
 23386 | Lair:3   | HP: 2/192 [death yak (7)]
 24141 | Lair:3   | Found a staircase to the Snake Pit.
 24785 | Lair:4   | Found a gate leading to a gauntlet.
 24800 | Gauntlet | Entered a Gauntlet
 24800 | Gauntlet | Found a transporter.
 24800 | Gauntlet | Found a transporter.
 24804 | Gauntlet | Found a transporter.
 24804 | Gauntlet | Found a transporter.
 24808 | Gauntlet | Found a transporter.
 24808 | Gauntlet | Found a transporter.
 24841 | Gauntlet | Found a transporter.
 24845 | Gauntlet | Found a transporter.
 24856 | Gauntlet | Found a runed translucent door.
 24859 | Gauntlet | Found a transporter.
 24874 | Gauntlet | Found a transporter.
 24878 | Gauntlet | Found a transporter.
 24898 | Gauntlet | Found a transporter.
 25267 | Gauntlet | Gained mutation: Your tail ends in a poisonous barb. [Green
                  | Draconian growth]
 25267 | Gauntlet | Reached XP level 14. HP: 136/136 MP: 14/14
 25280 | Gauntlet | Got a heavily runed copper ring
 25287 | Gauntlet | Identified the ring "Yzxi Oba" {rPois rN+ Int-5 Dex+3} (You
                  | found it in a Gauntlet)
 25381 | Gauntlet | Identified the Collected Works on Feathery Envenoming
 25393 | Gauntlet | Identified a +1 pair of boots of running (You found it in a
                  | Gauntlet)
 25717 | Lair:4   | Got a shimmering flail
 25718 | Lair:4   | Identified the cursed +0 flail "Hixtownu" {flame, Int+2
                  | Stlth+} (You found it on level 4 of the Lair of Beasts)
 26658 | Lair:5   | Found a viscous altar of Jiyva.
 26659 | Lair:5   | Found a staircase to the Slime Pits.
 27329 | Lair:6   | Entered Level 6 of the Lair of Beasts
 27957 | Lair:6   | Reached skill level 10 in Dodging
 29506 | Lair:6   | Found the +11 plutonium sword {*Contam Stlth-}
 29515 | Lair:6   | Received a gift from Trog
 30403 | Orc:1    | Entered Level 1 of the Orcish Mines
 30403 | Orc:1    | Found a radiant altar of Vehumet.
 31051 | D:9      | Reached skill level 10 in Shields
 31386 | Orc:1    | Found a roughly hewn altar of Beogh.
 31641 | Orc:2    | Entered Level 2 of the Orcish Mines
 31737 | Orc:2    | Found a staircase to the Elven Halls.
 32040 | Orc:2    | Found a roughly hewn altar of Beogh.
 32852 | Orc:1    | Received a gift from Trog
 32852 | Orc:1    | Reached XP level 15. HP: 133/145 MP: 15/15
 33428 | Orc:2    | Reached skill level 1 in Throwing
 33730 | Orc:2    | Found Uthoikh's General Store.
 33730 | Orc:2    | Found Jefoih's Weapon Emporium.
 34028 | Orc:2    | Found Puuwun's Book Emporium.
 34028 | Orc:2    | Found Paebu's Antique Weapon Boutique.
 34039 | Orc:2    | Bought a scroll of blinking for 127 gold pieces
 34911 | D:13     | HP: 2/219 [salamander (shapeshifter) (10)]
 35465 | D:12     | Received a gift from Trog
 36050 | D:13     | Found a gate to the Vaults.
 36176 | D:13     | Found a runed translucent door.
 36177 | D:13     | Found a shimmering altar of Xom.
 36177 | D:13     | Noticed Vul Waen's ghost (journeyman DDEE)
 36178 | D:13     | Identified the +11 halberd of the Evil Eye {chaos, rPois
                  | rN+ MR++ Dex-3}
 36732 | D:14     | Found a glowing golden altar of the Shining One.
 37309 | D:14     | Identified the +3 leather armour of the Raven {-Tele rPois
                  | Int+9}
 37947 | D:14     | Noticed a sphinx
 37960 | D:14     | Paralysed by a sphinx for 3 turns
 37968 | D:14     | Killed a sphinx
 38411 | D:14     | Identified the +3 spear of Lesaebil {antimagic, rN+ Str+3}
 38575 | D:14     | Found Biotos's Weapon Shoppe.
 38886 | D:6      | Bought a manual of Throwing for 1324 gold pieces
 39140 | D:12     | Killed dillytodds's ghost
 39394 | Lair:2   | Killed kaikaun's ghost
 39395 | Lair:2   | Reached XP level 16. HP: 119/155 MP: 11/16
 39410 | Lair:2   | Received a gift from Trog
 39456 | Lair:2   | Got a crude flail {god gift}
 39457 | Lair:2   | Identified the +3 flail of the Kidney {vorpal, +Fly rF+}
                  | (Trog gifted it to you on level 2 of the Lair of Beasts)
 39607 | Lair:3   | Found the +9 sword of Zonguldrok {reap}
 39913 | Lair:3   | Reached skill level 5 in Throwing
 40145 | D:15     | Entered Level 15 of the Dungeon
 40484 | D:15     | Found a staircase to the Depths.
 40663 | D:15     | Noticed Agnes
 40674 | D:15     | Killed Agnes
 40794 | D:15     | Found a glowing golden altar of the Shining One.
 41569 | Swamp:1  | Entered Level 1 of the Swamp
 41957 | Swamp:1  | Noticed Josephine
 41995 | Swamp:1  | Killed Josephine
 42013 | Swamp:1  | Noticed Nikola
 42240 | Swamp:1  | Noticed Donald
 42263 | Swamp:1  | Killed Donald
 42506 | Swamp:1  | Received a gift from Trog
 43054 | Swamp:1  | Killed Nikola
 43668 | Swamp:2  | Noticed a thorn hunter
 43685 | Swamp:2  | Killed a thorn hunter
 44023 | Swamp:2  | Noticed a tentacled monstrosity
 44035 | Swamp:2  | Killed a tentacled monstrosity
 44457 | Swamp:2  | Reached XP level 17. HP: 152/163 MP: 15/17
 45748 | Swamp:4  | Entered Level 4 of the Swamp
 46396 | Swamp:4  | Received a gift from Trog
 47859 | Swamp:4  | Got a decaying rune of Zot
 47938 | Swamp:4  | Reached skill level 10 in Throwing
 48250 | Snake:1  | Entered Level 1 of the Snake Pit
 48458 | Snake:1  | Received a gift from Trog
 49892 | Snake:2  | Noticed Vashnia
 50335 | Snake:2  | Received a gift from Trog
 50363 | Snake:1  | HP: 8/166 [poisoned by a nagaraja (poison arrow)]
 50756 | Snake:2  | Killed Vashnia
 50756 | Snake:2  | Reached XP level 18. HP: 50/174 MP: 8/18
 51767 | Snake:3  | Identified the ring "Eceupp" {Wiz MP+9}
 52356 | Snake:3  | Received a gift from Trog
 52954 | Snake:3  | Found Zekhlar's Magic Scroll Shop.
 52965 | Snake:3  | Bought a scroll of enchant weapon for 120 gold pieces
 52965 | Snake:3  | Bought a scroll of magic mapping for 56 gold pieces
 52965 | Snake:3  | Bought a scroll of immolation for 56 gold pieces
 52965 | Snake:3  | Bought a scroll of teleportation for 48 gold pieces
 52965 | Snake:3  | Bought a scroll of teleportation for 48 gold pieces
 53284 | Snake:4  | Entered Level 4 of the Snake Pit
 54786 | Snake:4  | Noticed Roxanne
 55958 | Snake:4  | Noticed Saint Roka
 55993 | Snake:4  | Killed Saint Roka
 55996 | Snake:4  | Received a gift from Trog
 56547 | Snake:4  | Reached XP level 19. HP: 130/183 MP: 13/19
 57445 | Snake:4  | Got a serpentine rune of Zot
 57525 | Snake:4  | Noticed Aizul
 57549 | Snake:4  | Killed Aizul
 57749 | Snake:4  | Received a gift from Trog
 58293 | D:13     | Killed Vul Waen's ghost
 58471 | Vaults:1 | Entered Level 1 of the Vaults
 59448 | Vaults:1 | Received a gift from Trog
 60241 | Vaults:1 | Paralysed by a great orb of eyes for 3 turns
 61433 | Vaults:2 | Found Omyimm's Jewellery Emporium.
 61481 | Vaults:2 | Reached skill level 15 in Shields
 61489 | Vaults:2 | Bought the ring "Inacyodot" {rF+ Str+4 Dex+3} for 887 gold
                  | pieces
 61489 | Vaults:2 | Bought an uncursed ring of protection from magic for 475
                  | gold pieces
 62093 | Vaults:2 | Received a gift from Trog
 62347 | Vaults:2 | Reached XP level 20. HP: 173/193 MP: 20/20
 62569 | Vaults:2 | Reached skill level 15 in Dodging
 62858 | Vaults:2 | Found Kiegeuhor's Magic Scroll Emporium.
 62858 | Vaults:2 | Found Wuafiewo's Jewellery Emporium.
 62870 | Vaults:2 | Bought a cursed ring of teleportation for 67 gold pieces
 62881 | Vaults:2 | Bought a scroll of blinking for 120 gold pieces
 62881 | Vaults:2 | Bought a scroll of enchant weapon for 120 gold pieces
 63815 | Vaults:2 | Received a gift from Trog
 64636 | Vaults:3 | Noticed Xtahua
 64654 | Vaults:3 | Killed Xtahua
 65194 | Vaults:3 | Received a gift from Trog
 65506 | Vaults:3 | Found a staircase to the Crypt.
 66443 | Vaults:3 | Reached XP level 21. HP: 203/203 MP: 21/21
 66885 | Vaults:4 | Received a gift from Trog
 67360 | Vaults:4 | Found Hozol's Gadget Boutique.
 68695 | Vaults:4 | Received a gift from Trog
 69261 | Depths:1 | Entered Level 1 of the Depths
 70104 | Depths:1 | Noticed Foxy's ghost (adept DsFi)
 70104 | Depths:1 | Noticed an ancient lich
 70146 | Depths:1 | Noticed a golden dragon
 70590 | Depths:1 | You fall into a shaft and drop 1 floor!
 70596 | Depths:2 | Noticed the Enchantress
 70658 | Depths:2 | Killed the Enchantress
 71335 | Depths:2 | Noticed a caustic shrike
 71363 | Depths:2 | Found a runed translucent door.
 71368 | Depths:2 | Noticed a juggernaut
 71395 | Depths:1 | Found a gateway to Hell.
 71486 | Depths:1 | Received a gift from Trog
 71819 | Depths:1 | Found a runed translucent door.
 71822 | Depths:1 | Found a runed translucent door.
 72596 | Depths:2 | Reached XP level 22. HP: 213/213 MP: 22/22
 73613 | Depths:2 | Received a gift from Trog
 74613 | Depths:2 | Paralysed by a vampire knight for 6 turns
 75117 | Depths:1 | Killed a caustic shrike
 75595 | Depths:2 | Paralysed by a floating eye for 2 turns
 76759 | Depths:2 | Killed a juggernaut
 77789 | Depths:3 | Found a one-way gate leading to the halls of Pandemonium.
 78711 | Depths:3 | Found a shattered altar of Ashenzari.
 78729 | Depths:3 | Received a gift from Trog
 78930 | Depths:3 | Paralysed by a floating eye for 3 turns
 79650 | Depths:4 | Reached XP level 23. HP: 217/223 MP: 23/23
 80851 | Depths:4 | Received a gift from Trog
 81059 | Depths:4 | Found a gateway to a ziggurat.
 81276 | Depths:4 | Found a one-way gate to the infinite horrors of the Abyss.
 81994 | Depths:4 | Found Denom's Gadget Shoppe.
 81994 | Depths:4 | Found Fyhymolagh's Jewellery Shop.
 81995 | Depths:4 | Found Reelonal's Gadget Shoppe.
 82573 | Depths:5 | Entered Level 5 of the Depths
 83677 | Depths:5 | Received a gift from Trog
 84998 | Depths:5 | Found a gate to the Realm of Zot.
 85645 | Elf:1    | Entered Level 1 of the Elven Halls
 85876 | Elf:1    | Reached skill level 15 in Throwing
 85929 | Elf:1    | Found a radiant altar of Vehumet.
 85973 | Elf:1    | Received a gift from Trog
 85997 | Elf:1    | HP: 9/225 [sixfirhy[an orc high priest] (11)]
 85998 | Elf:1    | HP: 4/225 [Executioner[a deep elf demonologist] (8)]
 85998 | Elf:1    | Mangled by a deep elf knight

Illustrated notes

Levels and vault maps discovered:
D:1:      dpeg_arrival_brainrot, layout_loops_ring
D:2:      layout_loops_corners, first_ration, grunt_qazlal_clouds, uniq_robin
D:3:      layout_loops_ring, uniq_natasha
D:4:      layout_loops_corners, uniq_edmund, uniq_grinder
D:5:      layout_cave_pools, minmay_temple_entry_large_hall, uniq_blork_the_orc,
          uniq_pikel
D:6:      layout_rooms, serial_shops, shop, uniq_prince_ribbit1
D:7:      layout_basic, serial_bayou_pond_a, uniq_maggie
D:8:      layout_loops_ring, lightli_temple_of_fire, hangedman_ranch
          [blue_anna_fruit_fields], dk_yredelemnul_ordeal, uniq_joseph
D:9:      layout_gridville, david_orc_3, enter_bailey_8, uniq_grum
D:10:     layout_small_grid, elyvilon_altar_4, uniq_nergalle
D:11:     layout_small_grid, lair_entry_dummy, minmay_unpleasant_kobolds
D:12:     layout_long_grid, ebering_ghost_xom, hangedman_decor_lopped,
          st_stairs_5, nooodl_orcs_dogs
D:13:     layout_gridville, skrybe_vaults_entry_preservation, ebering_ghost_xom
D:14:     minmay_the_grid_square_5x5_4x4 [minmay_the_grid_square_5x5_shuriken,
          minmay_the_grid_square_5x5_empty, minmay_the_grid_square_5x5_n,
          minmay_the_grid_square_5x5_fancy_junction,
          minmay_the_grid_square_5x5_six,
          minmay_the_grid_square_5x5_prize_deathbox,
          minmay_the_grid_square_5x5_prize_open, minmay_the_grid_square_5x5_meh,
          minmay_the_grid_square_5x5_tetrominoes,
          minmay_the_grid_square_5x5_prize_waves,
          minmay_the_grid_square_5x5_prize_rear_guard,
          minmay_the_grid_square_5x5_spiral,
          minmay_the_grid_square_5x5_checkered_statues,
          minmay_the_grid_square_5x5_broken_cross,
          minmay_the_grid_square_5x5_eight, minmay_the_grid_square_5x5_plus],
          layout_basic, nicolae_tso_carved_into_rock, serial_shops,
          kennysheep_little_box
D:15:     hangedman_depths_entry_civil_slaughter, layout_grid_maze,
          lemuel_altar_in_water, uniq_agnes
Lair:1:   layout_loops_ring, uniq_gastronok
Lair:2:   layout_hall_layers, skrybe_swamp_entry_bodies, serial_forest,
          infiniplex_forest_lined_ring, infiniplex_forest_straight_2,
          infiniplex_forest_corner_1, infiniplex_forest_lined_ring,
          infiniplex_forest_straight_2, infiniplex_forest_lined_room_2,
          infiniplex_forest_clump_medium, gammafunk_ghost_necromancy,
          portal_ice_cave_entry_ice_beasts
Lair:3:   layout_misc_corridors, minmay_snake_entry_guardpost_small,
          minmay_lair_oklob_chamber
Lair:4:   layout_long_grid, gauntlet_entry_generic
Lair:5:   layout_gridlike, slime_altar_1, serial_bayou_lake_a
Lair:6:   hangedman_lair_caniforms_friends, layout_misc_corridors,
          infiniplex_staircase_pool, lemuel_fruit_tree
Swamp:1:  layout_basic_swamp, nicolae_swamp_dense_foliage, swamp_pool3,
          infiniplex_staircase_pool_2, uniq_nikola, uniq_josephine, uniq_donald
Swamp:2:  layout_falls_marsh, evilmike_swamp_ruin_wall, swamp_pool4
Swamp:3:  layout_basic_swamp, evilmike_swamp_ruin_house_5
Swamp:4:  swamp_alternative, layout_basic_swamp
Snake:1:  layout_misc_corridors, grunt_megastairs_2
Snake:2:  minmay_snake_river, layout_grid_shapes, uniq_vashnia
Snake:3:  layout_rooms, serial_shops, nicolae_shop_stone,
          hangedman_snake_thin_pillar_pass
Snake:4:  johnstein_snake_rune_scales, layout_chambers, uniq_aizul,
          uniq_roxanne, uniq_saint_roka
Orc:1:    layout_caves, basic_altar, abandoned_shop, david_defended_altar_orc
Orc:2:    grunt_orc_tribal_feast, layout_diamond_mine, basic_altar
Elf:1:    layout_loops_ring, basic_altar, orc_legates
Vaults:1: vaults_room_grunt_arrival_ludios, v_misc_2, v_pattern_5,
          hangedman_vaults_slice, nicolae_vaults_ring_of_whatevers,
          ontoclasm_vaults_decontamination, hangedman_vaults_corner_blocks,
          layout_vaults_big_room
Vaults:2: nicolae_vaults_angled_halls, v_misc_30, grunt_vaults_diagonal,
          v_misc_23, ontoclasm_vaults_shuriken, v_misc_33, vaults_room_pool,
          ontoclasm_vaults_ring_small, vaults_room_stairs_pillars,
          vaults_room_door_ring, nicolae_vaults_three_branches,
          nicolae_vaults_circle_grid_b, vaults_dpeg_hooks, v_misc_14,
          vaults_mumra_hex, ontoclasm_vaults_spin,
          nicolae_vaults_little_squares_1, layout_vaults_omnibox, serial_shops,
          shop_statue, shop, shop
Vaults:3: vaults_mumra_minichess_inversion, hangedman_vaults_stagger,
          minmay_crypt_entry_simple_round, nicolae_vaults_sealed_display,
          special_room_vaults [special_room_orc], v_misc_2,
          hangedman_vaults_stitches, v_rooms_2, v_misc_8,
          nicolae_vaults_little_squares_3, ontoclasm_vaults_idyll,
          layout_vaults_maze, uniq_xtahua
Vaults:4: nicolae_vaults_meeting, vaults_room_door_hall, v_pattern_2, v_misc_28,
          vaults_dpeg_cross, grunt_vaults_hallway_long, ontoclasm_vaults_chip,
          v_misc_5, v_misc_5, nicolae_vaults_hallways_thing,
          vaults_mumra_chevron, nicolae_vaults_shelves_hall, layout_vaults_ring,
          serial_shops, nicolae_shop_window_shopping
Depths:1: layout_gridlike, serial_bayou_pond_c, muffindrake_ghost_dual_entry,
          hell_entry, st_stairs_10, minmay_misc_feat_chi, hangedman_aviary,
          grunt_megastairs_3
Depths:2: box_level_dp, serial_shops, hell_entry, uniq_enchantress
Depths:3: minmay_open_boxes_in_corner, layout_basic, evilmike_ruin_ashenzari,
          rand_demon_pan_entry_5, hell_entry, serial_bayou_shore_b
Depths:4: minmay_octagon_keep, layout_cave_pools, enter_ziggurat_c, special_room
          [special_room_mythical_zoo], hell_entry,
          abyss_entry_small_statue_room, hangedman_abyss_or_decor_slice,
          minmay_strange_pillars, hangedman_decor_clover_reticule, drop_trap,
          corexii_leaking_fountain, firewood_loft, minmay_shop_grove
Depths:5: evilmike_zot_entry_basic, layout_gridlike, pf_coc_iceberg

Skill      XL: |  1  2  3  4  5  6  7  8  9 10 11 12 13 14 15 16 17 18 19 20 21 22 23 |
---------------+----------------------------------------------------------------------+-----
Fighting       | 4 5 6 7 9 11 12 14 15 16 17 18 19 20 21 22 | 22.8
Maces & Flails | 4 5 6 7 9 10 12 13 15 16 17 18 19 20 21 22 | 22.3
Dodging        | 3 6 8 9 10 11 12 13 14 15 16 17 | 17.9
Shields        | 3 6 8 10 11 12 13 14 15 16 17 18 | 18.6
Throwing       | 4 8 11 12 13 14 15 | 15.0

Action                   |  1- 3 |  4- 6 |  7- 9 | 10-12 | 13-15 | 16-18 | 19-21 | 22-24 || total
-------------------------+-------+-------+-------+-------+-------+-------+-------+-------++-------
Melee: Mace              |    69 |       |       |   100 |       |       |       |       ||   169
       Tailslap          |    10 |    19 |    36 |   127 |   310 |   425 |   570 |   389 ||  1886
       Flail             |     4 |   185 |    20 |       |       |       |       |       ||   209
       Dire flail        |       |       |   272 |   273 |       |       |       |       ||   545
       Morningstar       |       |       |       |   461 |   414 |       |       |       ||   875
       Demon whip        |       |       |       |       |  1332 |  1833 |  2152 |  1436 ||  6753
Throw: Javelin           |       |       |       |     2 |       |       |       |    29 ||    31
       Boomerang         |       |       |       |       |    22 |    87 |     6 |    32 ||   147
Invok: Berserk           |       |     4 |     2 |    11 |    12 |     3 |     3 |       ||    35
       Trog's Hand       |       |       |       |       |     2 |     2 |     3 |     2 ||     9
       Brothers in Arms  |       |       |       |       |       |     2 |     6 |     2 ||    10
 Abil: Breathe Noxious F |       |       |     2 |     3 |       |       |       |       ||     5
Evoke: Wand              |       |       |       |     5 |     4 |     8 |       |       ||    17
  Use: Scroll            |     5 |     6 |     9 |    12 |    14 |    12 |     9 |     6 ||    73
       Potion            |       |       |       |     1 |     2 |     6 |     9 |     2 ||    20
 Stab: Sleeping          |     1 |     1 |     1 |       |     1 |     1 |     1 |     1 ||     7
       Distracted        |       |       |     1 |     1 |     1 |     1 |     3 |       ||     7
       Confused          |       |       |       |     1 |       |     5 |       |       ||     6
  Eat: Chunk             |     1 |    13 |    13 |    31 |    59 |    28 |    47 |    29 ||   221
       Ration            |       |       |     1 |     4 |     5 |     9 |     3 |     4 ||    26
Armor: Skin              |    24 |    64 |    90 |   196 |   307 |   185 |   183 |   189 ||  1238
Dodge: Dodged            |    55 |   128 |   146 |   470 |   753 |   829 |   675 |   472 ||  3528
Block: Buckler           |       |       |       |    80 |       |       |       |       ||    80
       Kite shield       |       |       |       |    34 |   782 |   710 |       |       ||  1526
       Reflection        |       |       |       |       |       |    56 |       |    72 ||   128
       Tower shield      |       |       |       |       |       |   274 |  1821 |  1377 ||  3472

Table legend:
 A = Non-vault XP
 B = Vault XP
 C = Vault XP percentage of total XP
 D = Non-vault monster count
 E = Vault monster count
 F = Vault count percentage of total count
                 A         B        C        D         E       F
            +---------+---------+-------+---------+---------+-------
      Total |  545695 |  431533 |  44.2 |    1311 |     726 |  35.6
            +---------+---------+-------+---------+---------+-------
        D:1 |      41 |       5 |  10.9 |      25 |       1 |   3.8
        D:2 |     124 |      35 |  22.0 |      23 |      11 |  32.4
        D:3 |     341 |     208 |  37.9 |      28 |       2 |   6.7
        D:4 |     260 |     277 |  51.6 |      17 |       1 |   5.6
        D:5 |     528 |     738 |  58.3 |      16 |       2 |  11.1
        D:6 |    1103 |     246 |  18.2 |      24 |       1 |   4.0
        D:7 |     421 |     379 |  47.4 |      12 |       1 |   7.7
        D:8 |    2087 |    2869 |  57.9 |      20 |      11 |  35.5
        D:9 |    2737 |     662 |  19.5 |      30 |      11 |  26.8
       D:10 |    2368 |     792 |  25.1 |      27 |       1 |   3.6
       D:11 |    4332 |     107 |   2.4 |      33 |       6 |  15.4
       D:12 |   13164 |    3529 |  21.1 |      54 |      16 |  22.9
       D:13 |    5786 |    6222 |  51.8 |      25 |      10 |  28.6
       D:14 |    9158 |   16536 |  64.4 |      27 |      31 |  53.4
       D:15 |   19449 |    6349 |  24.6 |      31 |       7 |  18.4
     Lair:1 |    5288 |    2213 |  29.5 |      23 |       1 |   4.2
     Lair:2 |    5484 |    3727 |  40.5 |      18 |      17 |  48.6
     Lair:3 |   12413 |    3332 |  21.2 |      27 |       9 |  25.0
     Lair:4 |    2891 |       0 |   0.0 |       9 |       0 |   0.0
     Lair:5 |    5569 |       0 |   0.0 |      21 |       0 |   0.0
     Lair:6 |    7220 |   11120 |  60.6 |      28 |      56 |  66.7
    Swamp:1 |   13668 |    8000 |  36.9 |      35 |       7 |  16.7
    Swamp:2 |   13805 |       0 |   0.0 |      27 |       0 |   0.0
    Swamp:3 |    8897 |     962 |   9.8 |      29 |       1 |   3.3
    Swamp:4 |   10019 |   17861 |  64.1 |      28 |      25 |  47.2
    Snake:1 |   13736 |    4751 |  25.7 |      25 |       8 |  24.2
    Snake:2 |   12132 |   14200 |  53.9 |      21 |      20 |  48.8
    Snake:3 |   23542 |       0 |   0.0 |      46 |       0 |   0.0
    Snake:4 |   23428 |   46097 |  66.3 |      45 |      76 |  62.8
      Orc:1 |    3206 |    1575 |  32.9 |      21 |       7 |  25.0
      Orc:2 |    4420 |    6268 |  58.6 |      29 |      26 |  47.3
      Elf:1 |   10310 |    1871 |  15.4 |      18 |       6 |  25.0
   Vaults:1 |   34204 |   14062 |  29.1 |      63 |      17 |  21.2
   Vaults:2 |   42390 |   26467 |  38.4 |      68 |      36 |  34.6
   Vaults:3 |   35021 |   43003 |  55.1 |      65 |      66 |  50.4
   Vaults:4 |   27713 |   29301 |  51.4 |      44 |      34 |  43.6
   Depths:1 |   20968 |   20707 |  49.7 |      34 |      20 |  37.0
   Depths:2 |   31838 |   69513 |  68.6 |      58 |      76 |  56.7
   Depths:3 |   40762 |   16207 |  28.4 |      49 |      16 |  24.6
   Depths:4 |   31805 |   27360 |  46.2 |      41 |      24 |  36.9
   Depths:5 |   43067 |   13828 |  24.3 |      47 |       9 |  16.1
     Bailey |       0 |    3434 | 100.0 |       0 |      41 | 100.0
      IceCv |       0 |    3258 | 100.0 |       0 |      11 | 100.0
   Gauntlet |       0 |    3462 | 100.0 |       0 |       5 | 100.0
            +---------+---------+-------+---------+---------+-------
